 Dungeon Crawl Stone Soup version 0.20.1-1-g8b1a95d66d (webtiles) character file.

58 Ivernyr the Shooter (level 3, 0/29 HPs)
             Began as a Centaur Hunter on Nov 18, 2017.
             Slain by an adder (1 damage)
             ... on level 2 of the Dungeon.
             The game lasted 00:04:11 (1420 turns).

Ivernyr the Shooter (Centaur Hunter)                Turns: 1420, Time: 00:04:12

Health: 0/29       AC:  4    Str: 14    XL:     3   Next: 76%
Magic:  3/3        EV:  9    Int: 11    God:
Gold:   102        SH:  0    Dex:  9    Spells: 2/2 levels left

rFire    . . .     SeeInvis .   a - +1 shortbow
rCold    . . .     Gourm    .   (shield currently unavailable)
rNeg     . . .     Faith    +   c - +0 leather armour
rPois    .         Spirit   .   (no helmet)
rElec    .         Reflect  .   (no cloak)
rCorr    .         Harm     .   (no gloves)
MR       .....                  (no barding)
Stlth    +.........             e - amulet of faith
Regen    0.1/turn               (no ring)
MPRegen  0.1/turn               (no ring)

@: lethally poisoned (0 -> -14), very quick
A: hooves 3, deformed body, speed 2, tough skin 3
a: no special abilities


You were on level 2 of the Dungeon.
You were hungry.

You visited 1 branch of the dungeon, and saw 2 of its levels.

You collected 102 gold pieces.

Inventory:

Hand Weapons
 a - a +1 shortbow (weapon)
Missiles
 d - 29 arrows (quivered)
Armour
 c - a +0 leather armour (worn)
Jewellery
 e - an amulet of faith (around neck)
Scrolls
 b - 6 scrolls of remove curse {unknown}
 g - a scroll of magic mapping {unknown}
 i - a scroll of teleportation {unknown}
 j - 2 scrolls of fog {unknown}
 l - 2 scrolls of identify {unknown}
Potions
 k - 3 potions of brilliance {unknown}
 m - a potion of invisibility {unknown}
 n - a potion of degeneration {unknown}
Comestibles
 f - 3 bread rations
 h - 2 fruits


   Skills:
 - Level 2.0 Fighting
 * Level 6.5 Bows
 + Level 0.8 Armour
 - Level 1.3 Dodging
 - Level 0.4 Stealth
 + Level 1.3 Unarmed Combat


You had 2 spell levels left.
You didn't know any spells.

Dungeon Overview and Level Annotations

Branches:
Dungeon (2/15)

Altars:
Xom

Annotations:
D:2 2 transporters


Innate Abilities, Weirdness & Mutations

You have hooves in place of feet.
Armour fits poorly on your strangely shaped body.
You cover ground very quickly.
You have extremely tough skin. (AC +3)


Message History

Firing (i - inventory):
d - 32 arrows (quivered)
Press: ? - help, Shift-Dir - straight line, f/p - adder
Aim: an adder (heavily wounded)
You shoot an arrow. The arrow misses the adder.
* * * LOW HITPOINT WARNING * * *
You feel sick. The adder barely misses you.
Firing (i - inventory):
d - 31 arrows (quivered)
Press: ? - help, Shift-Dir - straight line, f/p - adder
Aim: an adder (heavily wounded)
You shoot an arrow. The arrow barely misses the adder.
* * * LOW HITPOINT WARNING * * *
You feel sick. The adder bites you.
* * * LOW HITPOINT WARNING * * *
Firing (i - inventory):
d - 30 arrows (quivered)
Press: ? - help, Shift-Dir - straight line, f/p - adder
Aim: an adder (heavily wounded)
You shoot an arrow. The arrow barely misses the adder.
* * * LOW HITPOINT WARNING * * *
You feel sick. The adder misses you. The adder bites you.
You die...

#.##.......##.#
#.#8.#...#.8#(######.
####÷#$?.#.#...#........
.....#.(.......#........
.#...#_$.......#©.......
.##..#.$.......#........
.....#$!.#.#..Z#.(.S....
.###.#8.#...#S8#S######.
.#...##...©..b##@#
#.#..#########..#
#.##........)..## .
##.##......## ..
...##......# $
....###......# ......
.....)..#
......####.#..... ......
#.#.###..


You could see 2 adders, a giant cockroach zombie and a bat.

Vanquished Creatures
  4 gnolls (D:2)
  4 hobgoblins
  A kobold (D:2)
  3 bats
  3 frilled lizards
  4 goblins
  4 rats
23 creatures vanquished.

Notes
Turn   | Place    | Note
-------+----------+-------------------------------------------
     0 | D:1      | Ivernyr the Centaur Hunter began the quest for the Orb.
     0 | D:1      | Reached XP level 1. HP: 17/17 MP: 1/1
   436 | D:1      | Reached XP level 2. HP: 24/24 MP: 2/2
   993 | D:2      | Found a shimmering altar of Xom.
   997 | D:2      | Found a transporter.
  1009 | D:2      | Found a transporter.
  1044 | D:2      | Reached skill level 6 in Bows
  1044 | D:2      | Reached skill level 1 in Unarmed Combat
  1084 | D:2      | Reached XP level 3. HP: 5/29 MP: 3/3
  1420 | D:2      | HP: 1/29 [poisoned by an adder]
  1420 | D:2      | Slain by an adder

Skill      XL: |  1  2 |
---------------+-------+-----
Bows           | 6 |  6.5
Unarmed Combat | 1 |  1.3
Fighting       | |  2.0
Armour         | |  0.8
Dodging        | |  1.3
Stealth        | |  0.4

Action                   || total
-------------------------++-------
Melee: Unarmed           ||    58
       Kick              ||    14
 Fire: Shortbow          ||    30
Armor: Leather armour    ||    33
Dodge: Dodged            ||    37
